 Dungeon Crawl Stone Soup version 0.30-a0-1163-gf69bf04e7a (webtiles) character file.

Game seed: 12567823243793614214

12230 Darkkill the Fighter (level 11, 0/97 (102) HPs)
             Began as a Minotaur Hunter on Apr 28, 2023.
             Was an Initiate of Gozag.
             Succumbed to a black mamba's poison
             ... on level 9 of the Dungeon.
             The game lasted 00:15:23 (11022 turns).

Darkkill the Fighter (Minotaur Hunter)             Turns: 11022, Time: 00:15:24

HP:   0/97 (102)    AC:  6    Str: 14    XL:     11   Next: 59%
MP:   10/10         EV: 20    Int:  4    God:    Gozag
Gold: 946           SH:  0    Dex: 24    Spells: 10/10 levels left

rFire   . . .        a - +2 shortbow
rCold   . . .        (shield currently unavailable)
rNeg    . . .        c - +0 leather armour
rPois   .            (helmet restricted)
rElec   .            (no cloak)
rCorr   .            w - +2 pair of gloves "Pek Colat" {Harm Fly Str-2 Int-2}
SInv    .            (no boots)
Will    .....        (no amulet)
Stlth   ++++         x - +6 ring of dexterity
HPRegen 0.36/turn    (no ring)
MPRegen 0.12/turn

%: harm (+30% outgoing, +20% incoming)
@: lethally poisoned (0 -> -15), flying, lightly drained
A: horns 2, retaliatory headbutt
a: Renounce Religion, Potion Petition, Call Merchant, Bribe Branch


You were on level 9 of the Dungeon.
You worshipped Gozag.
Gozag was pleased with you.
You visited 3 branches of the dungeon, and saw 11 of its levels.
You also visited: Ossuary.

You collected 1824 gold pieces.
You paid 878 gold pieces to Gozag.

Inventory:

Hand Weapons
 a - a +2 shortbow (weapon)
 b - the +4 trident "Acoymy" {antimagic, *Rage rF++ Str+7}
   (You found it on level 9 of the Dungeon)

   Str:       It affects your strength (+7).
   rF:        It greatly protects you from fire.
   *Rage:     It berserks you when you make melee attacks (+20% chance).
Missiles
 f - 15 poisoned darts
 h - a boomerang of dispersal {=f !f}
 j - 95 stones
 p - 2 throwing nets {=f !f}
 t - 2 curare-tipped darts {=f !f}
 u - a boomerang
Armour
 c - a +0 leather armour (worn)
 w - the +2 pair of gloves "Pek Colat" (worn) {Harm Fly Str-2 Int-2}
   (You found it on level 6 of the Dungeon)

   Str:       It affects your strength (-2).
   Int:       It affects your intelligence (-2).
   Fly:       It grants you flight.
   Harm:      It increases damage dealt and taken.
 F - a scarf of resistance
Jewellery
 x - a +6 ring of dexterity (left hand)
 E - an amulet of reflection
Wands
 q - a wand of digging (2)
 v - a wand of flame (41)
 G - a wand of paralysis (5)
Scrolls
 g - 3 scrolls of amnesia
 i - 3 scrolls of vulnerability
 o - 2 scrolls of immolation
Potions
 d - 2 potions of degeneration {unknown}
 e - a potion of ambrosia {unknown}
 k - 4 potions of haste
 l - a potion of invisibility
 m - a potion of resistance {unknown}
 n - 4 potions of brilliance
 r - 2 potions of flight {unknown}
 s - 3 potions of might {unknown}
 z - a potion of attraction {unknown}
 A - a potion of magic {unknown}
 D - a potion of lignification {unknown}


   Skills:
 + Level 11.4 Fighting
 + Level 11.2 Ranged Weapons
 + Level 10.5 Dodging
 + Level 8.6 Stealth


You had 10 spell levels left.
You didn't know any spells.
Your spell library contained the following spells:

 Spells                   Type           Power      Damage    Failure   Level
 Apportation              Tloc           0%         N/A       58%         1
 Magic Dart               Conj           0%         1d3       58%         1
 Necrotise                Necr           0%         1d4       58%         1
 Summon Small Mammal      Summ           0%         N/A       58%         1
 Blink                    Tloc           0%         N/A       73%         2
 Call Imp                 Summ           0%         N/A       73%         2
 Ensorcelled Hibernation  Hex/Ice        0%         N/A       73%         2
 Passwall                 Tmut/Erth      0%         N/A       73%         2
 Call Canine Familiar     Summ           0%         N/A       91%         3
 Hailstorm                Conj/Ice       0%         3d3       91%         3
 Mephitic Cloud           Conj/Pois/Air  0%         N/A       91%         3
 Portal Projectile        Hex/Tloc       0%         N/A       91%         3
 Summon Guardian Golem    Hex/Summ       0%         N/A       91%         3
 Swiftness                Air            0%         N/A       91%         3
 Ice Form                 Ice/Tmut       0%         N/A       100%        4
 Leda's Liquefaction      Hex/Erth       0%         N/A       100%        4
 Manifold Assault         Tloc           0%         N/A       100%        4
 Storm Form               Tmut/Air       0%         N/A       100%        7
 Simulacrum               Ice/Necr       Unusable   N/A       N/A         6

Dungeon Overview and Level Annotations

Branches:
Dungeon (9/15)             Temple (1/1) D:4            Lair (1/5) D:9
Ossuary (visited)
    Orc: D:9-12

Altars:
Ashenzari
Cheibriados
Dithmenos
Elyvilon
Fedhas
Gozag
Hepliaklqana
Kikubaaqudgha
Makhleb
Nemelex Xobeh
Okawaru
Qazlal
Ru
Sif Muna
Trog
Uskayaw
Vehumet
Wu Jian
Xom
Yredelemnul
Zin
The Shining One

Shops:
D:7 (

Portals:
Volcano: Lair:1

Annotations:
D:3 1 runed translucent door, Crazy Yiuf


Innate Abilities, Weirdness & Mutations

You have a pair of horns on your head.
You reflexively headbutt those who attack you in melee.


Message History

The black mamba is no longer distracted by gold.
The blink frog blinks!
The komodo dragon bites you!!
You see here 28 gold pieces.
Blink to where?
Press: ? - help, Q - select action, (/) - cycle Dir - move target
As you read the scroll of blinking, it crumbles to dust.
You fly upwards.
Welcome back to the Dungeon!
There is a staircase to the Lair here.
You start resting.
HP restored.
You fly downwards.
Welcome back to the Lair of Beasts!
You feel an oppressive heat about you.
There is an entrance to a volcano on this level.
Hurry and find it before the entrance collapses!
You hear the rumble of an avalanche of rocks very nearby.
The blink frog hits you but does no damage.
The wyvern closely misses you. You furiously retaliate!
You headbutt the wyvern! The hell rat bites you!
The blink frog barely misses you. The wyvern barely misses you.
You furiously retaliate!
You headbutt the wyvern.
There is a staircase back to the Dungeon here.
The hell rat barely misses you. The wyvern bites you.
The blink frog completely misses you. You furiously retaliate!
You headbutt the blink frog. The komodo dragon closely misses you.
The black mamba closely misses you. The hell rat misses you.
You fly upwards.
Welcome back to the Dungeon!
There is a staircase to the Lair here.
You shoot an arrow. The arrow hits the black mamba!
The black mamba is moderately wounded.
The wyvern completely misses you. You furiously retaliate!
You headbutt the wyvern.
The blink frog blinks!
The black mamba barely misses you. The hell rat bites you!
The komodo dragon barely misses you. The wyvern completely misses you.
You furiously retaliate!
You headbutt the wyvern!
You kill the wyvern!
You shoot an arrow. The arrow hits the komodo dragon.
The komodo dragon is lightly wounded.
The black mamba bites you. The black mamba closely misses you.
You furiously retaliate!
You headbutt the black mamba, but do no damage.
The hell rat completely misses you.
The blink frog blinks!
The komodo dragon misses you. You furiously retaliate!
You headbutt the komodo dragon! You shoot an arrow.
The arrow barely misses the black mamba.
The black mamba completely misses you. You furiously retaliate!
You headbutt the black mamba.
The hell rat bites you but does no damage.
The black mamba barely misses you. The komodo dragon barely misses you.
You furiously retaliate!
You headbutt the komodo dragon! You shoot an arrow.
The arrow barely misses the black mamba.
The black mamba completely misses you. You furiously retaliate!
You headbutt the black mamba. The hell rat closely misses you.
You furiously retaliate!
You headbutt the hell rat! The black mamba bites you.
The blink frog blinks!
The komodo dragon misses you. You furiously retaliate!
You headbutt the komodo dragon!
You kill the komodo dragon!
You shoot an arrow.
The arrow completely misses the black mamba.
The hell rat completely misses you. The black mamba bites you!
You are poisoned.
The black mamba poisons you!
You shoot an arrow.
The arrow hits the hell rat but does no damage.
The hell rat is heavily wounded.
You feel very sick. The black mamba closely misses you.
You furiously retaliate!
You headbutt the black mamba. The hell rat closely misses you.
The black mamba bites you.
You are more poisoned.
The black mamba poisons you! The hell rat closely misses you.
You furiously retaliate!
You headbutt the hell rat.
Aiming: Paralyse
Press: ? - help, Q - select action, (/) - cycle Shift-Dir - straight line, f - black mamba, p - hell rat
Aim: a black mamba (heavily wounded, chance to affect: 49%)
The black mamba suddenly stops moving!
You feel extremely sick. The hell rat misses you.
You shoot an arrow. The arrow hits the black mamba.
The black mamba is severely wounded.
You feel very sick. The blink frog barely misses you. You furiously retaliate!
You headbutt the blink frog. The hell rat bites you!
* * * LOW HITPOINT WARNING * * *
You feel drained.
* * * LOW HITPOINT WARNING * * *
Unknown command.
As you read the scroll of fog, it crumbles to dust.
The scroll dissolves into smoke.
* * * LOW HITPOINT WARNING * * *
You feel very sick. The blink frog misses you. You furiously retaliate!
You headbutt the blink frog! The hell rat bites you.
* * * LOW HITPOINT WARNING * * *
You feel drained.
* * * LOW HITPOINT WARNING * * *
The blink frog attacks as you move away!
The blink frog hits you but does no damage.
You die...
Your body crumbles into a pile of gold.

...........####..).).#...#......#
..................[..#...########
.............###..)###....#.....#
.............##...[.##....#.....#
.............#.......#....#.....#
...........###..P....#....'.....#
...........##.........#######..##
............#...§r§§........#..##
...............§@§§§........#....
...........##..§§SF§........'....
...........##..§§§..........#....
...........###....P..#......#....
...........# #.......#......#####
...........# ##.....##...........
...........# ##...###...........
...........# ##.###............
##+##......#####..###............


You could see a black mamba (paralysed), a blink frog and a hell rat.

Vanquished Creatures
  Erica (D:9)
  3 two-headed ogres
  Pikel (D:9)
  A manticore (D:8)
  A cyclops (D:8)
  An ugly thing (D:8)
  Joseph (D:7)
  Maggie (D:6)
  Psyche (D:9)
  A komodo dragon (D:9)
  A troll (D:8)
  A hornet (D:7)
  Grinder (D:5)
  2 wyverns
  A wraith (D:9)
  10 yaks
  3 steam dragons
  An acid dragon (D:9)
  3 wargs (D:9)
  2 water moccasins
  2 sky beasts (D:6)
  2 black bears
  2 orc warriors
  An ice beast (D:7)
  5 centaurs
  3 kobold brigands
  Blork the orc (D:4)
  2 bullfrogs (D:7)
  A gnoll sergeant (D:6)
  14 wights
  A killer bee (D:8)
  10 howler monkeys
  5 jellies
  3 hounds
  A gnoll bouda (D:7)
  3 iguanas
  Terence (D:3)
  2 sleepcaps
  11 orc wizards
  3 hell rats (Lair:1)
  8 mummies (Ossuary)
  10 gnolls
  7 adders
  A worm (D:5)
  4 dart slugs
  22 orcs
  5 endoplasms
  5 giant cockroaches
  2 gnoll zombies (Ossuary)
  7 hobgoblins
  2 jackals (D:3)
  3 quokkas
  4 ball pythons
  3 bats
  3 frilled lizards
  5 goblins
  2 hobgoblin zombies (Ossuary)
  13 kobolds
  2 kobold zombies (Ossuary)
  2 orc zombies (Ossuary)
  6 rats
226 creatures vanquished.

Vanquished Creatures (others)
  2 plants (Lair:1)
2 creatures vanquished.

Grand Total: 228 creatures vanquished

Notes
Turn   | Place    | Note
-------+----------+-------------------------------------------
     0 | D:1      | Darkkill the Minotaur Hunter began the quest for the Orb.
     0 | D:1      | Reached XP level 1. HP: 18/18 MP: 0/0
    87 | D:1      | Reached skill level 1 in Stealth
   188 | D:1      | Reached XP level 2. HP: 25/25 MP: 1/1
   883 | D:2      | Reached XP level 3. HP: 11/31 MP: 2/2
  1598 | D:3      | Reached XP level 4. HP: 38/38 MP: 3/3
  1874 | D:3      | Reached skill level 5 in Ranged Weapons
  2058 | D:3      | Noticed Terence
  2070 | D:3      | Killed Terence
  2502 | D:3      | Found a runed translucent door.
  2503 | D:3      | Noticed Crazy Yiuf
  2848 | D:4      | Reached XP level 5. HP: 42/46 MP: 4/4
  2976 | D:4      | Found a snail-covered altar of Cheibriados.
  2992 | D:4      | Noticed Blork the orc
  2998 | D:4      | Killed Blork the orc
  2999 | D:4      | Reached XP level 6. HP: 33/53 MP: 5/5
  3102 | D:4      | Found a staircase to the Ecumenical Temple.
  3236 | Temple   | Entered the Ecumenical Temple
  3440 | D:5      | Entered Level 5 of the Dungeon
  3507 | D:5      | Noticed Grinder
  3519 | D:5      | Killed Grinder
  3520 | D:5      | Reached skill level 5 in Fighting
  3520 | D:5      | Reached XP level 7. HP: 54/61 MP: 6/6
  4001 | D:5      | Reached skill level 5 in Dodging
  4177 | D:5      | Found a shadowy altar of Dithmenos.
  4645 | D:6      | HP: 11/62 [something (2)]
  4645 | D:6      | HP: 5/62 [something (6)]
  4723 | D:6      | Reached XP level 8. HP: 32/70 MP: 7/7
  5436 | D:6      | Identified the +2 pair of gloves "Pek Colat" {Harm Fly
                  | Str-2 Int-2}
  5499 | D:6      | Noticed Maggie
  5504 | D:6      | HP: 14/71 [Maggie/bolt of fire (15)]
  5509 | D:6      | Killed Maggie
  5510 | D:6      | Reached skill level 5 in Stealth
  5798 | D:6      | Found a sacrificial altar of Ru.
  5798 | D:6      | Found an opulent altar of Gozag.
  5886 | D:6      | Became a worshipper of Gozag Ym Sagoz the Greedy
  6033 | D:6      | Found a radiant altar of Vehumet.
  6041 | D:6      | Found an ancient bone altar of Kikubaaqudgha.
  6061 | D:6      | Got Kikubaaqudgha's Tome of the Dead
  6130 | D:6      | Found a shimmering blue altar of Sif Muna.
  6403 | D:7      | Reached XP level 9. HP: 67/79 MP: 8/8
  6497 | D:7      | Paralysed by a hornet for 1 turns
  6502 | D:7      | HP: 14/80 [hornet (13)]
  6853 | D:7      | Found a sand-covered staircase.
  6899 | D:7      | Noticed Joseph
  6908 | Ossuary  | Entered an ossuary
  7209 | D:7      | Killed Joseph
  7914 | D:8      | Noticed a two-headed ogre
  7922 | D:8      | Noticed a cyan ugly thing
  7928 | D:8      | Killed a two-headed ogre
  7929 | D:8      | Reached XP level 10. HP: 39/91 MP: 9/9
  7933 | D:8      | HP: 17/91 [centaur/arrow (13)]
  7940 | D:8      | HP: 13/91 [centaur/arrow (15)]
  7946 | D:8      | HP: 5/91 [yak (6)]
  7966 | D:8      | HP: 7/91 [orc wizard/magic dart (6)]
  8260 | D:8      | Noticed a cyclops
  8272 | D:8      | Killed a cyclops
  8340 | D:8      | Found a hazy altar of Hepliaklqana.
  8342 | D:8      | Found a stormy altar of Qazlal.
  8352 | D:8      | Identified the +1 robe of the Slightly Bent {Rampage Regen+
                  | Dex-3 Stlth+}
  8392 | D:8      | Killed a cyan ugly thing
  8618 | D:8      | Identified the staff of air "Jotol" {rElec rPois rN+++
                  | Will- Dex-4}
  8623 | D:8      | Noticed a manticore
  8634 | D:8      | Killed a manticore
  8635 | D:8      | Reached skill level 10 in Fighting
  8642 | D:8      | Reached skill level 10 in Ranged Weapons
  8646 | D:8      | HP: 11/93 [wight/+4 halberd (12)]
  9352 | D:9      | Noticed Pikel
  9604 | D:9      | Noticed a two-headed ogre
  9610 | D:9      | Killed a two-headed ogre
  9611 | D:9      | Reached XP level 11. HP: 101/101 MP: 10/10
  9631 | D:9      | Killed Pikel
  9873 | D:9      | Found a staircase to the Lair.
  9955 | D:9      | Identified the +4 trident "Acoymy" {antimagic, *Rage rF++
                  | Str+7}
 10083 | D:9      | Noticed Erica
 10101 | D:9      | Killed Erica
 10102 | D:9      | Reached skill level 10 in Dodging
 10340 | D:9      | Noticed a two-headed ogre
 10347 | D:9      | Killed a two-headed ogre
 10553 | D:9      | Noticed Psyche
 10558 | D:9      | Killed Psyche
 10810 | Lair:1   | Entered Level 1 of the Lair of Beasts
 10820 | Lair:1   | Found a dark tunnel.
 11020 | D:9      | HP: 18/102 [hell rat (13)]
 11021 | D:9      | HP: 6/99 [hell rat (4)]
 11022 | D:9      | Succumbed to a black mamba's poison

Illustrated notes

Levels and vault maps discovered:
D:1:      dpeg_arrival_shelter, layout_basic, serial_aquarium,
          aquarium_bridge_long_joined [aquarium_subvault_bridge,
          aquarium_subvault_bridge, aquarium_subvault_bridge,
          aquarium_subvault_bridge, aquarium_subvault_wall,
          aquarium_subvault_wall], aquarium_window_fake,
          aquarium_window_corridor_3, aquarium_window_fake, aquarium_view_2b,
          aquarium_view_2d, aquarium_balcony_double_4, aquarium_pool_five
D:2:      layout_basic
D:3:      minmay_inner_zag, layout_basic, uniq_terence, uniq_crazy_yiuf_cottage
D:4:      layout_rooms, mainiacjoe_overflow_surrounded_room,
          minmay_temple_entry_mist, uniq_blork_the_orc
D:5:      layout_layer_cave, old_standard_altar, uniq_grinder
D:6:      layout_basic, palyth_temple_overflow_mages,
          nicolae_overflow_two_pavilions, dk_noncrumbling_4,
          chequers_decorated_corner, uniq_maggie
D:7:      layout_basic, nicolae_ossuary_entry_ruins, uniq_joseph
D:8:      layout_basic, chequers_temple_overflow_statue_of_worship,
          minmay_pinched_square
D:9:      layout_gridville, erik_lair_orcish_takeover, uniq_pikel, uniq_erica,
          uniq_psyche
Temple:   cyrus_circular_temple
Lair:1:   layout_roguey, nicolae_volcano_entry_lava_flow

Skill      XL: |  1  2  3  4  5  6  7  8  9 10 11 |
---------------+----------------------------------+-----
Stealth        | 1 2 3 4 5 6 7 8 |  8.6
Fighting       | 3 4 5 6 7 9 10 11 | 11.4
Dodging        | 3 4 5 6 8 9 10 | 10.5
Ranged Weapons | 5 6 7 9 10 11 | 11.2

Action                     |  1- 3 |  4- 6 |  7- 9 | 10-12 || total
---------------------------+-------+-------+-------+-------++-------
   Fire: Shortbow          |   106 |    91 |   340 |   277 ||   814
 Invoke: Call Merchant     |       |       |     1 |       ||     1
  Evoke: Wand              |       |       |     7 |    26 ||    33
    Use: Scroll            |     5 |     7 |     5 |     6 ||    23
         Potion            |       |       |     5 |     4 ||     9
 Armour: Leather armour    |    12 |     6 |    30 |    19 ||    67
  Dodge: Dodged            |    26 |    31 |   105 |   156 ||   318

Table legend: (Time is in decaauts)
 A = Elapsed time spent in this place.
 B = Non-inter-level travel time spent in this place.
 C = Inter-level travel time spent in this place.
 D = Time resting spent in this place.
 E = Time spent auto-exploring this place.
 F = Levels seen in this place.
 G = Mean time per level.
                   A        B        C        D        E       F      G
               +--------+--------+--------+--------+--------+-----+--------+
         Total |  11150 |  10696 |    454 |    527 |   8630 |  12 |  929.2 |
       Dungeon |  10754 |  10308 |    446 |    527 |   8358 |   9 | 1194.9 |
        Temple |     69 |     61 |      8 |      0 |     52 |   1 |   69.0 |
          Lair |     29 |     29 |      0 |      0 |      7 |   1 |   29.0 |
       Ossuary |    296 |    296 |      0 |      0 |    213 |   1 |  296.0 |
               +--------+--------+--------+--------+--------+-----+--------+

Top non-repeatable levels by time:
     D:6: 1888 daAuts
     D:9: 1605 daAuts
     D:8: 1536 daAuts
     D:3: 1419 daAuts
     D:7: 1193 daAuts
     D:5: 1105 daAuts
     D:1: 859 daAuts
     D:2: 590 daAuts
     D:4: 556 daAuts
 Ossuary: 296 daAuts
  Temple: 69 daAuts
  Lair:1: 29 daAuts

Levels and vault maps discovered:
D:1:      dpeg_arrival_shelter, layout_basic, serial_aquarium,
          aquarium_bridge_long_joined [aquarium_subvault_bridge,
          aquarium_subvault_bridge, aquarium_subvault_bridge,
          aquarium_subvault_bridge, aquarium_subvault_wall,
          aquarium_subvault_wall], aquarium_window_fake,
          aquarium_window_corridor_3, aquarium_window_fake, aquarium_view_2b,
          aquarium_view_2d, aquarium_balcony_double_4, aquarium_pool_five
D:2:      layout_basic
D:3:      minmay_inner_zag, layout_basic, uniq_terence, uniq_crazy_yiuf_cottage
D:4:      layout_rooms, mainiacjoe_overflow_surrounded_room,
          minmay_temple_entry_mist, uniq_blork_the_orc
D:5:      layout_layer_cave, old_standard_altar, uniq_grinder
D:6:      layout_basic, palyth_temple_overflow_mages,
          nicolae_overflow_two_pavilions, dk_noncrumbling_4,
          chequers_decorated_corner, uniq_maggie
D:7:      layout_basic, nicolae_ossuary_entry_ruins, uniq_joseph
D:8:      layout_basic, chequers_temple_overflow_statue_of_worship,
          minmay_pinched_square
D:9:      layout_gridville, erik_lair_orcish_takeover, uniq_pikel, uniq_erica,
          uniq_psyche
Temple:   cyrus_circular_temple
Lair:1:   layout_roguey, nicolae_volcano_entry_lava_flow

Table legend: (Time is in decaauts)
 A = Elapsed time spent in this place.
 B = Non-inter-level travel time spent in this place.
 C = Inter-level travel time spent in this place.
 D = Time resting spent in this place.
 E = Time spent auto-exploring this place.
 F = Levels seen in this place.
 G = Mean time per level.
                   A        B        C        D        E       F      G
               +--------+--------+--------+--------+--------+-----+--------+
         Total |  11150 |  10696 |    454 |    527 |   8630 |  12 |  929.2 |
       Dungeon |  10754 |  10308 |    446 |    527 |   8358 |   9 | 1194.9 |
        Temple |     69 |     61 |      8 |      0 |     52 |   1 |   69.0 |
          Lair |     29 |     29 |      0 |      0 |      7 |   1 |   29.0 |
       Ossuary |    296 |    296 |      0 |      0 |    213 |   1 |  296.0 |
               +--------+--------+--------+--------+--------+-----+--------+

Top non-repeatable levels by time:
     D:6: 1888 daAuts
     D:9: 1605 daAuts
     D:8: 1536 daAuts
     D:3: 1419 daAuts
     D:7: 1193 daAuts
     D:5: 1105 daAuts
     D:1: 859 daAuts
     D:2: 590 daAuts
     D:4: 556 daAuts
 Ossuary: 296 daAuts
  Temple: 69 daAuts
  Lair:1: 29 daAuts

Table legend:
 A = Kills in this place as a percentage of kills in the entire game.
 B = Kills by you in this place as a percentage of kills by you in the entire game.
 C = Kills by friends in this place as a percentage of kills by friends in the entire game.
 D = Other kills in this place as a percentage of other kills in the entire game.
 E = Experience gained in this place as a percentage of experience gained in the entire game.
 F = Experience gained in this place divided by the number of levels of this place that you have seen.
                   A       B       C       D       E      F
               +-------+-------+-------+-------+-------+----------------------
         Total | 100.0 | 100.0 |   N/A |   N/A | 100.0 | 1456.0
       Dungeon |  91.6 |  91.6 |   N/A |   N/A |  98.5 | 1913.0
          Lair |   1.3 |   1.3 |   N/A |   N/A |   0.6 | 101.0
       Ossuary |   7.1 |   7.1 |   N/A |   N/A |   0.9 | 154.0
               +-------+-------+-------+-------+-------+----------------------
